 Dungeon Crawl Stone Soup version 0.24-a0-291-g79c1ce7 (webtiles) character file.

Game seed: 6098304935972425466

74 Mgcat the Sneak (level 4, 0/35 HPs)
             Began as a Mummy Monk on May 9, 2019.
             Slain by an orc
             ... wielding a +0 trident
              (2 damage)
             ... on level 4 of the Dungeon.
             The game lasted 00:10:08 (5538 turns).

Mgcat the Sneak (Mummy Monk)                        Turns: 5538, Time: 00:10:09

Health: 0/35       AC:  4    Str: 15    XL:     4   Next: 9%
Magic:  4/4        EV: 13    Int:  9    God:
Gold:   230        SH:  0    Dex: 18    Spells: 3/3 levels left

rFire    x . .     SeeInvis .     - Unarmed
rCold    + . .     Gourm    .   (no shield)
rNeg     + + +     Faith    .   (no armour)
rPois    ∞         Spirit   .   (no helmet)
rElec    .         Reflect  .   (no cloak)
rCorr    .         Harm     .   c - +1 pair of gloves
MR       .....                  (no boots)
Stlth    +++.......             (no amulet)
HPRegen  0.11/turn              b - +4 ring of dexterity
MPRegen  0.09/turn              e - +2 ring of protection

@: no status effects
A: no food or potions, fire vulnerability, cold resistance 1, negative energy
resistance 3, torment resistance, unbreathing
a: no special abilities


You were on level 4 of the Dungeon.
You were not hungry.

You visited 1 branch of the dungeon, and saw 4 of its levels.

You collected 230 gold pieces.

Inventory:

Armour
 c - a +1 pair of gloves (worn)
   (You found it on level 1 of the Dungeon)
Jewellery
 b - a +4 ring of dexterity (left hand)
   (You found it on level 1 of the Dungeon)
 e - a +2 ring of protection (right hand)
   (You found it on level 4 of the Dungeon)
Scrolls
 d - 3 scrolls of remove curse


   Skills:
 + Level 3.0 Fighting
 - Level 2.4 Dodging
 - Level 3.9 Stealth
 + Level 2.4 Unarmed Combat


You had 3 spell levels left.
You didn't know any spells.
Your spell library was empty.

Dungeon Overview and Level Annotations

Branches:
Dungeon (4/15)             Temple (0/1) D:4

Altars:
Ru
Wu Jian

Annotations:
D:3 2 exclusions
D:4 exclusions: orc wizard and 6 more exclusions


Innate Abilities, Weirdness & Mutations

You do not eat or drink.
Your flesh is vulnerable to fire.
You are immune to poison.
Your flesh is cold resistant. (rC+)
You are immune to negative energy. (rN+++)
You are immune to unholy pain and torment.
You can survive without breathing.


Message History

You start waiting.
Done waiting.
You start waiting.
Done waiting.
There is a stone staircase leading up here.
There is a stone staircase leading down here.
This staircase leads to a travel-excluded area!
Enter next level anyway?
Okay, then.
Unknown command.
You see here a hand axe.
You see here a +0 club.
There is a stone staircase leading down here.
You climb downwards.
Level annotation: exclusions: orc wizard and 6 more exclusions
There is a stone staircase leading up here.
An orc priest comes into view.
Spoiler Alert: The orc priest (wandering) can smite you!
Warning x2: The orc wizard (wandering) might cast Slow, Confuse, or go Invisible!
The orc priest (wandering) can smite you!
There is a stone staircase leading up here.
You start waiting.
Done waiting.
Unknown command.
Unknown command.
There is a stone staircase leading down here.
The orc shouts!
You hear a shout! x2
You start waiting.
The orc is too close now for your liking.
You barely miss the orc. The orc hits you but does no damage.
You hit the orc.
The orc is severely wounded.
The orc closely misses you.
You closely miss the orc.
The orc is severely wounded.
The orc hits you with a +0 dagger.
You take 4 damage, and have 31/35 hp.
You barely miss the orc.
The orc is severely wounded.
The orc closely misses you.
Spoiler Alert: The orc wizard (wandering) might cast Slow, Confuse, or go Invisible!
The orc wizard shouts!
You hit the orc.
You kill the orc!
Spoiler Alert: The orc wizard might cast Slow, Confuse, or go Invisible!
As you read the scroll labeled FEPULA SASAIPY, it crumbles to dust.
It is a scroll of enchant armour.
Your +0 pair of gloves glows green for a moment.
The orc wizard gestures at you while chanting.
The magic dart hits you.
You take 4 damage, and have 27/35 hp.
Spoiler Alert: The orc wizard might cast Slow, Confuse, or go Invisible!
Unknown command.
Unknown command.
Unknown command.
The orc hits you but does no damage.
You see here a +0 dagger.
Unknown command.
Spoiler Alert: The orc wizard might cast Slow, Confuse, or go Invisible!
Unknown command.
Okay, then.
Unknown command.
Unknown command.
Unknown command.
Unknown command.
Spoiler Alert: The orc wizard might cast Slow, Confuse, or go Invisible!
Unknown command.
Unknown command.
Unknown command.
Unknown command.
Unknown command.
Unknown command.
Spoiler Alert: The orc wizard might cast Slow, Confuse, or go Invisible!
Unknown command.
Unknown command.
The orc wizard hits you but does no damage.
The orc wizard gestures at you while chanting.
The magic dart hits you.
You take 6 damage, and have 22/35 hp.
Spoiler Alert: The orc wizard might cast Slow, Confuse, or go Invisible!
The orc hits you from afar with a +0 trident.
The orc hits you but does no damage.
You take 5 damage, and have 17/35 hp.
The orc hits you from afar with a +0 trident!
* * * LOW HITPOINT WARNING * * *
You take 10 damage, and have 7/35 hp.
MASSIVE DAMAGE!!
Spoiler Alert: The orc wizard might cast Slow, Confuse, or go Invisible!
The orc hits you from afar with a +0 trident!
* * * LOW HITPOINT WARNING * * *
You take 7 damage, and have 1/35 hp.
Really walk into that dispersal trap?
You enter a dispersal trap!
The orc blinks!
You blink.
The orc hits you but does no damage.
Spoiler Alert: The orc wizard might cast Slow, Confuse, or go Invisible!
Unknown command.
Unknown command.
Unknown command.
Unknown command.
There is a stone staircase leading down here.
The orc hits you from afar with a +0 trident.
You die...

##..#. ### ###.....
#.###....... ### ##..##.......
##.## #............
###...######.........##.
#....)#.##.......o...###
##....................#.#
####.......@................
##.###...............o..#...#
##...##......o......[######...
##....#.....o.........## #.!%
#.....#......o.........# #...
#.....##..............######.#?
##....#.##.#......##.....##....
##....#.......######....##.##.
##...###..#### #.#)......##.


You could see an orc wizard and 2 orcs.

Vanquished Creatures
  An adder (D:3)
  2 worms (D:3)
  3 dart slugs (D:1)
  2 leopard geckos (D:1)
  3 orcs (D:4)
  2 giant cockroaches
  4 goblins
  7 hobgoblins
  4 jackals
  3 kobolds (D:1)
  A ball python skeleton (D:4)
  6 bats
  3 frilled lizards
  A quokka skeleton (D:4)
  4 rats (D:1)
46 creatures vanquished.

Notes
Turn   | Place    | Note
-------+----------+-------------------------------------------
     0 | D:1      | Mgcat the Mummy Monk began the quest for the Orb.
     0 | D:1      | Reached XP level 1. HP: 18/18 MP: 1/1
    77 | D:1      | Reached skill level 2 in Stealth
   416 | D:1      | Reached XP level 2. HP: 17/24 MP: 2/2
   705 | D:1      | HP: 6/24 [kobold/+0 dagger (4)]
  1235 | D:1      | Reached skill level 3 in Stealth
  1298 | D:1      | Reached XP level 3. HP: 28/29 MP: 3/3
  4463 | D:4      | Found a sacrificial altar of Ru.
  4463 | D:4      | Found an ornate altar of the Wu Jian Council.
  4553 | D:4      | Found a staircase to the Ecumenical Temple.
  4577 | D:4      | Reached XP level 4. HP: 35/35 MP: 4/4
  5526 | D:4      | HP: 7/35 [orc/+0 trident (10)]
  5529 | D:4      | HP: 1/35 [orc/+0 trident (7)]
  5538 | D:4      | Slain by an orc

Levels and vault maps discovered:
D:1:      nicolae_arrival_washed_ashore, layout_basic
D:2:      layout_loops_ring, first_ration
D:3:      layout_loops_ring
D:4:      layout_cave_pools, gammafunk_temple_overflow_statue,
          minmay_temple_entry_stoned_glass

Skill      XL: |  1  2 |
---------------+-------+-----
Stealth        | 2 3 |  3.9
Fighting       | |  3.0
Dodging        | |  2.4
Unarmed Combat | |  2.4

Action                   |  1- 3 |  4- 6 || total
-------------------------+-------+-------++-------
Melee: Unarmed           |   234 |    35 ||   269
       Punch             |     3 |     2 ||     5
  Use: Scroll            |     3 |     1 ||     4
 Stab: Sleeping          |     7 |       ||     7
       Distracted        |     1 |       ||     1
Armor: Robe              |    21 |       ||    21
       Skin              |    11 |     4 ||    15
Dodge: Dodged            |   147 |    18 ||   165

Table legend:
 A = Non-vault XP
 B = Vault XP
 C = Vault XP percentage of total XP
 D = Non-vault monster count
 E = Vault monster count
 F = Vault count percentage of total count
                 A         B        C        D         E       F
            +---------+---------+-------+---------+---------+-------
      Total |     106 |       0 |   0.0 |      46 |       0 |   0.0
            +---------+---------+-------+---------+---------+-------
        D:1 |      44 |       0 |   0.0 |      22 |       0 |   0.0
        D:2 |      15 |       0 |   0.0 |       8 |       0 |   0.0
        D:3 |      36 |       0 |   0.0 |      11 |       0 |   0.0
        D:4 |      11 |       0 |   0.0 |       5 |       0 |   0.0
            +---------+---------+-------+---------+---------+-------

Levels and vault maps discovered:
D:1:      nicolae_arrival_washed_ashore, layout_basic
D:2:      layout_loops_ring, first_ration
D:3:      layout_loops_ring
D:4:      layout_cave_pools, gammafunk_temple_overflow_statue,
          minmay_temple_entry_stoned_glass

Table legend:
 A = Turns spent in this place as a percentage of turns spent in the entire game.
 B = Non-inter-level travel turns spent in this place as a percentage of non-inter-level travel turns spent in the entire game.
 C = Inter-level travel turns spent in this place as a percentage of turns spent in this place.
 D = Turns resting spent in this place as a percentage of non-inter-level travel turns spent in this place.
 E = Turns spent auto-exploring this place as a percentage of non-inter-level travel turns spent in this place.
 F = Non-inter-level travel turns spent in this place divided by the number of levels of this place that you've seen.
                   A       B       C       D       E      F
               +-------+-------+-------+-------+-------+----------------------
         Total | 100.0 | 100.0 |   4.6 |  44.6 |  41.6 | 1321.2
       Dungeon | 100.0 | 100.0 |   4.6 |  44.6 |  41.6 | 1321.2
               +-------+-------+-------+-------+-------+----------------------

Table legend:
 A = Kills in this place as a percentage of kills in entire the game.
 B = Kills by you in this place as a percentage of kills by you in the entire game.
 C = Kills by friends in this place as a percentage of kills by friends in the entire game.
 D = Other kills in this place as a percentage of other kills in the entire game.
 E = Experience gained in this place as a percentage of experience gained in the entire game.
 F = Experience gained in this place divided by the number of levels of this place that you have seen.
                   A       B       C       D       E      F
               +-------+-------+-------+-------+-------+----------------------
         Total | 100.0 | 100.0 |   N/A |   N/A | 100.0 |  26.5
       Dungeon | 100.0 | 100.0 |   N/A |   N/A | 100.0 |  26.5
               +-------+-------+-------+-------+-------+----------------------
